 Dungeon Crawl Stone Soup version 0.29.1-13-g9f3cf754e1 (webtiles) character file.

Game seed: 12579516763424149261

316 shadowmeld the Insei (level 6, -3/45 HPs)
             Began as a Djinni Gladiator on Jan 28, 2023.
             Slain by an ogre
             ... wielding a +0 giant spiked club
              (10 damage)
             ... on level 4 of the Dungeon.
             The game lasted 00:32:16 (4611 turns).

shadowmeld the Insei (Djinni Gladiator)             Turns: 4611, Time: 00:32:17

Health: -3/45      AC:  8    Str: 15    XL:     6   Next: 73%
Gold:   183        EV: 10    Int:  9    God:
                   SH:  6    Dex: 15

rFire   + + +      SeeInvis .     - Unarmed
rCold   x x .      Faith    .   m - +2 buckler
rNeg    . . .      Spirit   .   i - +0 scale mail
rPois   ∞          Reflect  .   h - +0 helmet
rElec   .          Harm     .   C - +0 cloak
rCorr   .          Rampage  .   (no gloves)
Will    .....                   (boots unavailable)
Stlth   ..........              (no amulet)
HPRegen 0.15/turn               v - ring of fire
MPRegen 0.00/turn               (no ring)

@: flying
A: sickness immunity, fire resistance 2, cold vulnerability 1, float, innate
caster, HP casting, extra vitality 1
a: no special abilities


You were on level 4 of the Dungeon.
You visited 1 branch of the dungeon, and saw 4 of its levels.

You collected 183 gold pieces.

Inventory:

Hand Weapons
 x - a +1 dagger of draining
 A - a +0 spectral quarterstaff
 B - a +3 quarterstaff of chaos
Missiles
 b - 3 poisoned darts
 c - 3 throwing nets
 d - a javelin
 k - 31 stones
Armour
 h - a +0 helmet (worn)
 i - a +0 scale mail (worn)
 m - a +2 buckler (worn)
 C - a +0 cloak (worn)
Jewellery
 o - an amulet of magic regeneration
 v - a ring of fire (left hand)
Wands
 q - a wand of digging (8) (quivered)
Scrolls
 a - 2 scrolls of noise {unknown}
 f - a scroll of blinking {unknown}
 g - 3 scrolls of fear {unknown}
 p - 3 scrolls of teleportation
 r - a scroll of identify {unknown}
 t - 2 scrolls of amnesia {unknown}
 y - a scroll of butterflies {unknown}
 z - a scroll of magic mapping {unknown}
Potions
 e - a potion of resistance
 j - a potion of haste {unknown}
 l - 2 potions of degeneration {unknown}
 n - 2 potions of attraction {unknown}
 s - 4 potions of curing {unknown}
 u - a potion of brilliance {unknown}
 w - a potion of might {unknown}


   Skills:
 * Level 2.9 Fighting
 - Level 1.8 Throwing
 * Level 2.6 Armour
 * Level 4.1 Dodging
 + Level 0.7 Shields
 * Level 4.9 Unarmed Combat
 * Level 0.7 Spellcasting


You had 3 spell levels left.
You knew the following spells:

 Your Spells              Type           Power      Damage    Failure   Level
a - Beastly Appendage     Tmut           2%         N/A       82%         1
b - Static Discharge      Conj/Air       1%         3-4/arc   91%         2
Your spell library was empty.

Dungeon Overview and Level Annotations

Branches:
Dungeon (4/15)
 Temple: D:4-7

Altars:
Dithmenos
Fedhas
Nemelex Xobeh
Uskayaw
The Shining One

Shops:
D:2 [

Annotations:
D:3 exclusion: statue


Innate Abilities, Weirdness & Mutations

You are immune to sickness and miasma.
You are immune to poison.
Your flesh is very heat resistant. (rF++)
You are vulnerable to cold. (rC-)
You float through the air rather than walking.
You learn spells naturally, not from books.
Your magical power is your life essence.
You have superior vitality. (+4 MHP)


Message History

The worm is almost dead.
You block the worm's attack.
You hit the worm.
You kill the worm!
Things that are here:
a +0 hand axe; a +0 leather armour; a worm corpse You see here 3 boomerangs.
You start resting.
HP restored.
Found a stone staircase leading up.
An ogre comes into view. It is wielding a +0 giant spiked club.
The ogre shouts!
Casting: Beastly Appendage (safe; 82% risk of failure)
Confirm with . or Enter, or press ? or * to list all spells.
You can't see any susceptible monsters within range! (Use Z to cast anyway.)
A goblin comes into view.
It is wielding a +3 hand axe and wearing a +0 ring mail of cold resistance.
Casting: Beastly Appendage (safe; 82% risk of failure)
Confirm with . or Enter, or press ? or * to list all spells.
You can't see any susceptible monsters within range! (Use Z to cast anyway.)
The goblin shouts!
The goblin throws a stone.
You block the stone.
The goblin throws a stone.
The stone closely misses you.
The ogre hits you with a +0 giant spiked club!
You hit the ogre.
The ogre is moderately wounded.
You hit the ogre.
The ogre is heavily wounded.
The ogre closely misses you.
You hit the ogre.
The ogre is heavily wounded.
The ogre hits you but does no damage.
You barely miss the ogre.
The ogre is heavily wounded.
You barely miss the ogre.
The ogre is heavily wounded.
The ogre hits you with a +0 giant spiked club!!
Ouch! That really hurt!
* * * LOW HITPOINT WARNING * * *
The ogre hits you with a +0 giant spiked club!
You die...

#..............
#..............
#.............. ###
#............# #..
#.......<....# #..
#............# #..
#......O.....# #..
#....@.# #.. ##......#
#.. ........g##### ##.
.##......#...# #.
#......#...### #.
######.......########.
#...............#
#######...............#
......................'


You could see an ogre and a goblin.

Vanquished Creatures
  An ice beast (D:2)
  A hound (D:3)
  Crazy Yiuf (D:3)
  2 iguanas
  An orc wizard (D:4)
  2 adders (D:2)
  3 worms
  3 orcs (D:4)
  2 bats
  7 endoplasms
  2 giant cockroaches
  7 goblins
  3 hobgoblins
  3 jackals (D:1)
  A quokka (D:4)
  8 ball pythons
  5 frilled lizards
  5 kobolds
  3 rats
60 creatures vanquished.

Notes
Turn   | Place    | Note
-------+----------+-------------------------------------------
     0 | D:1      | shadowmeld the Djinni Gladiator began the quest for the
                  | Orb.
     0 | D:1      | Reached XP level 1. HP: 18/18 MP: 0/0
    89 | D:1      | Reached XP level 2. HP: 8/23 MP: 0/0
   562 | D:1      | Found a faded altar of an unknown god.
  1234 | D:1      | Reached XP level 3. HP: 28/28 MP: 0/0
  1234 | D:1      | Learned a level 1 spell: Beastly Appendage
  1557 | D:2      | Found a hide-covered altar of Uskayaw.
  1572 | D:2      | Found Xequex's Armour Shoppe.
  1638 | D:2      | Reached skill level 1 in Armour
  1784 | D:2      | Reached XP level 4. HP: 28/33 MP: 0/0
  2232 | D:3      | Found a shadowy altar of Dithmenos.
  2232 | D:3      | Noticed an ice beast
  2272 | D:2      | Killed an ice beast
  2273 | D:2      | Reached XP level 5. HP: 24/39 MP: 0/0
  2273 | D:2      | Learned a level 2 spell: Static Discharge
  2483 | D:3      | Found a sparkling altar of Nemelex Xobeh.
  2669 | D:3      | Reached XP level 6. HP: 44/45 MP: 0/0
  2939 | D:3      | Found a runed translucent door.
  2940 | D:3      | Noticed Crazy Yiuf
  2959 | D:3      | Killed Crazy Yiuf
  3222 | D:3      | Found a glowing golden altar of the Shining One.
  3222 | D:3      | Found a blossoming altar of Fedhas.
  4600 | D:4      | Noticed an ogre
  4611 | D:4      | Slain by an ogre

Illustrated notes

Levels and vault maps discovered:
D:1:      dpeg_arrival_round_b, layout_loops_ring,
          ebering_ecumenical_altar_sacrificial
D:2:      layout_basic, basic_altar, serial_shops, nicolae_shop_crystal
D:3:      layout_loops_ring, nemelex_xobeh_ov_fountains_minmay,
          lemuel_round_altar, vehumet_statue, grunt_temple_overflow_open,
          uniq_crazy_yiuf_cottage
D:4:      layout_basic, gammafunk_ghost_abyssal_escape, uniq_eustachio

Skill      XL: |  1  2  3  4 |
---------------+-------------+-----
Armour         | 1 2 |  2.6
Dodging        | 4 |  4.1
Unarmed Combat | 4 |  4.9
Fighting       | |  2.9
Throwing       | |  1.8
Shields        | |  0.7
Spellcasting   | |  0.7

Action                   |  1- 3 |  4- 6 || total
-------------------------+-------+-------++-------
Melee: Unarmed           |   137 |   160 ||   297
       Punch             |     1 |       ||     1
       Headbutt          |       |     6 ||     6
 Cast: Beastly Appendage |       |    10 ||    10
  Use: Scroll            |       |     1 ||     1
 Stab: Invisible         |       |     2 ||     2
Armor: Leather armour    |    13 |       ||    13
       Scale mail        |    31 |    78 ||   109
Dodge: Dodged            |    66 |    63 ||   129
Block: Buckler           |    15 |    38 ||    53
